 Dungeon Crawl Stone Soup version 0.28-a0-1429-gf3d713df7a (webtiles) character file.

Game seed: 902448254679501137

1789 HallandMoats the Skirmisher (level 9, -4/75 HPs)
             Began as a Ghoul Fighter on Jan 9, 2022.
             Was a Follower of Okawaru.
             Killed from afar by Maggie (18 damage)
             ... with a bolt of acid
             ... on level 6 of the Dungeon.
             The game lasted 00:09:47 (6729 turns).

HallandMoats the Skirmisher (Ghoul Fighter)         Turns: 6729, Time: 00:09:48

Health: -4/75      AC: 13    Str: 20    XL:     9   Next: 8%
Magic:  10/10      EV:  7    Int:  5    God:    Okawaru [*.....]
Gold:   120        SH:  5    Dex: 16    Spells: 8/8 levels left

rFire   . . .      SeeInvis .   b - +1 whip (elec)
rCold   + . .      Faith    .   c - +0 buckler
rNeg    + + +      Spirit   .   e - +2 plate armour {rPois}
rPois   ∞          Reflect  .   y - +0 helmet
rElec   .          Harm     .   n - +0 cloak
rCorr   .          Rampage  .   (no gloves)
Will    .....                   p - +0 pair of boots
Stlth   ..........              (no amulet)
HPRegen 0.00/turn               w - +6 ring of dexterity
MPRegen 0.12/turn               (no ring)

@: mighty, brilliant, corroded, mesmerised, inhibited regen
A: claws 1, cold resistance 1, negative energy resistance 3, inhibited
regeneration, torment resistance 2
a: Renounce Religion, Heroism


You were on level 6 of the Dungeon.
You worshipped Okawaru.
Okawaru was aware of your devotion.
You visited 2 branches of the dungeon, and saw 7 of its levels.

You collected 217 gold pieces.
You spent 97 gold pieces at shops.

Inventory:

Hand Weapons
 a - a +0 long sword
 b - a +1 whip of electrocution (weapon)
Armour
 c - a +0 buckler (worn)
 e - a +2 plate armour of poison resistance (worn)
 n - a +0 cloak (worn)
 p - a +0 pair of boots (worn)
 y - a +0 helmet (worn)
Jewellery
 w - a +6 ring of dexterity (left claw)
Wands
 q - a wand of digging (8)
 t - a wand of polymorph (7)
Scrolls
 f - a scroll of teleportation
 g - 4 scrolls of identify {unknown}
 j - a scroll of enchant weapon {unknown}
 l - a scroll of silence {unknown}
 o - a scroll of immolation {unknown}
 r - 2 scrolls of blinking
 s - a scroll of fog {unknown}
 u - a scroll of amnesia {unknown}
 v - 2 scrolls of magic mapping {unknown}
 z - a scroll of fear {unknown}
 A - a scroll of noise {unknown}
Potions
 h - a potion of brilliance
 i - a potion of lignification
 k - a potion of heal wounds {unknown}
 m - a potion of flight {unknown}
 x - a potion of invisibility {unknown}
 B - a potion of berserk rage {unknown}


   Skills:
 + Level 5.9 Fighting
 - Level 4.0 Long Blades
 * Level 3.0 Maces & Flails
 + Level 5.0 Armour
 + Level 4.2 Dodging
 - Level 5.2 Shields
 + Level 3.2 Invocations


You had 8 spell levels left.
You didn't know any spells.
Your spell library contained the following spells:

 Spells                   Type           Power      Damage    Failure   Level
 Orb of Destruction       Conj           0%         N/A       100%        7
 Summon Guardian Golem    Hex/Summ       Unusable   N/A       N/A         3
 Spellforged Servitor     Conj/Summ      Unusable   N/A       N/A         7

Dungeon Overview and Level Annotations

Branches:
Dungeon (6/15)             Temple (1/1) D:4

Altars:
Ashenzari
Cheibriados
Dithmenos
Elyvilon
Fedhas
Gozag
Kikubaaqudgha
Makhleb
Nemelex Xobeh
Okawaru
Ru
Sif Muna
Trog
Uskayaw
Vehumet
Wu Jian
Xom
Yredelemnul
The Shining One

Shops:
D:4 *?==   D:5 (*

Annotations:
D:4 2 transporters, southernslant's ghost, amateur GrGl
D:6 Maggie


Innate Abilities, Weirdness & Mutations

You thrive by killing the living.
You are immune to poison.
You have sharp fingernails.
Your flesh is cold resistant. (rC+)
You are immune to negative energy. (rN+++)
You do not regenerate when monsters are visible.
You are immune to unholy pain and torment.


Message History

The ufetubus hits you but does no damage.
You whack the ufetubus! Lightning courses through the ufetubus!
You kill the ufetubus!
Okawaru accepts your kill.
No target in view!
No target in view!
Maggie the Vainglorious comes into view.
She is wielding a +0 glaive and carrying a wand of acid (10).
Found a war axe.
Maggie shouts!
Maggie is nearby!
Maggie is nearby!
Maggie is nearby!
Maggie is nearby!
Maggie is nearby!
You feel very mighty all of a sudden. You block Maggie's attack.
You fail to use your ability.
Maggie mumbles some strange words.
Maggie attempts to bespell you!
You are mesmerised by Maggie!
Maggie zaps a wand.
The bolt of acid hits you!!
You hit Maggie but do no damage. Maggie hits you with a +0 glaive!
You completely miss Maggie. Maggie hits you with a +0 glaive.
You closely miss Maggie.
Maggie points at you and mumbles some strange words.
The bolt of fire hits you.
You hit Maggie. Lightning courses through Maggie!!
Maggie is moderately wounded.
Maggie zaps a wand.
The bolt of acid hits you!
* * * LOW HITPOINT WARNING * * *
The acid corrodes you!
It was a potion of brilliance.
You feel clever all of a sudden. Maggie closely misses you.
It was a potion of lignification.
You feel woody for a moment. Maggie closely misses you.
You closely miss Maggie.
Maggie is moderately wounded.
Maggie zaps a wand.
The bolt of acid hits you!!
You die...

###########
..)...@@..# #
#############.#
........#####.#
############.......#
.........>.......####
....#####.####.#...<#
...............#.####
#########.#..#.#.#
#.#..#.###


You could see Maggie (mesmerising).

Vanquished Creatures
  Pikel (D:3)
  Sigmund (D:2)
  A water moccasin (D:5)
  A black bear (D:5)
  An ogre (D:5)
  A lemure (D:3)
  A scorpion (D:4)
  A howler monkey (D:4)
  A bullfrog zombie (D:5)
  A centaur zombie (D:5)
  2 hounds
  Crazy Yiuf (D:2)
  3 orc priests (D:6)
  A bullfrog skeleton (D:4)
  A gnoll shaman (D:5)
  4 iguanas
  2 orc wizards
  A howler monkey zombie (D:5)
  7 gnolls
  A howler monkey skeleton (D:5)
  6 adders
  2 shadow imps (D:6)
  3 white imps (D:6)
  3 ufetubi
  An adder skeleton (D:4)
  A worm (D:4)
  2 dart slugs
  20 orcs
  5 endoplasms
  6 giant cockroaches
  6 hobgoblins
  7 jackals (D:3)
  3 quokkas (D:1)
  7 ball pythons
  5 bats
  4 frilled lizards
  10 goblins
  8 kobolds
  4 rats
136 creatures vanquished.

Notes
Turn   | Place    | Note
-------+----------+-------------------------------------------
     0 | D:1      | HallandMoats the Ghoul Fighter began the quest for the Orb.
     0 | D:1      | Reached XP level 1. HP: 19/19 MP: 0/0
   147 | D:1      | Reached XP level 2. HP: 26/26 MP: 1/1
   308 | D:1      | Found a faded altar of an unknown god.
   624 | D:1      | Reached XP level 3. HP: 27/31 MP: 2/2
   897 | D:2      | Noticed Sigmund
   916 | D:2      | Killed Sigmund
   917 | D:2      | Reached skill level 1 in Dodging
   917 | D:2      | Reached XP level 4. HP: 24/40 MP: 3/3
   917 | D:2      | Reached XP level 5. HP: 28/46 MP: 4/4
  1435 | D:2      | Found a runed translucent door.
  1436 | D:2      | Noticed Crazy Yiuf
  1458 | D:2      | Killed Crazy Yiuf
  1459 | D:2      | Reached XP level 6. HP: 33/52 MP: 5/5
  2952 | D:4      | Found Itelaux's General Store.
  2960 | D:4      | Noticed Pikel
  2998 | D:3      | Killed Pikel
  2999 | D:3      | Reached skill level 5 in Shields
  2999 | D:3      | Reached XP level 7. HP: 37/60 MP: 6/6
  3180 | D:4      | Reached XP level 8. HP: 66/67 MP: 7/7
  3191 | D:4      | Reached skill level 5 in Fighting
  3352 | D:4      | Found Leunlakk's Jewellery Shop.
  3375 | D:4      | Found Ojeseiso's Jewellery Shop.
  3391 | D:4      | Reached skill level 1 in Invocations
  3480 | D:4      | Found a transporter.
  3514 | D:4      | Found a staircase to the Ecumenical Temple.
  3520 | Temple   | Entered the Ecumenical Temple
  3808 | Temple   | Became a worshipper of Warmaster Okawaru
  4042 | D:4      | Found Qynlel's Magic Scroll Emporium.
  4052 | D:4      | Bought a scroll of blinking for 97 gold pieces
  4202 | D:4      | Found a transporter.
  4225 | D:4      | Noticed southernslant's ghost (amateur GrGl)
  4365 | D:5      | Entered Level 5 of the Dungeon
  4472 | D:5      | Found Yghaos's Antique Weapon Boutique.
  4932 | D:5      | Reached skill level 1 in Maces & Flails
  5535 | D:5      | Reached * piety under Okawaru
  5771 | D:5      | Found Satwoum's CLEARANCE SALE!.
  5886 | D:6      | Reached XP level 9. HP: 70/75 MP: 10/10
  6002 | D:6      | Reached skill level 5 in Armour
  6718 | D:6      | Noticed Maggie
  6729 | D:6      | Killed from afar by Maggie

Illustrated notes

Levels and vault maps discovered:
D:1:      minmay_arrival_radiant_lines, layout_loops_ring,
          hellmonk_ecumenical_altar_crossroads, minmay_heptomino_o4
D:2:      layout_rooms, kennysheep_generic_room_12, uniq_sigmund,
          uniq_crazy_yiuf_cottage
D:3:      layout_basic, serial_co_window_serial, co_window_of_opportunity_a,
          co_window_corner_a, co_window_paths_b, co_window_corner_a,
          co_window_paths_a, co_window_broadway_a, co_window_2corner,
          co_window_of_opportunity_b, co_window_paths_c,
          co_window_of_opportunity_c, co_window_cross_3, co_window_paths_d,
          glass_columns_c, glass_columns_b, glass_columns_c, glass_columns_a,
          glass_columns_a
D:4:      nicolae_BIG_FREAKIN_CUBE, layout_rooms, minmay_temple_entry_hall,
          serial_shops, shop, shop, nicolae_lakefront_shop,
          kennysheep_mini_moat, gammafunk_ghost_smash,
          minmay_stone_trees_medium, uniq_pikel
D:5:      layout_basic, serial_shops, nicolae_square_shop,
          nicolae_shop_clearance
D:6:      layout_basic, uniq_maggie
Temple:   mainiacjoe_temple_bowtie_tessellation

Skill      XL: |  1  2  3  4  5  6  7  8  9 |
---------------+----------------------------+-----
Long Blades    | 2 3 4 |  4.0
Shields        | 3 4 5 |  5.2
Armour         | 3 4 5 |  5.0
Fighting       | 4 5 |  5.9
Dodging        | 1 2 3 4 |  4.2
Invocations    | 2 3 |  3.2
Maces & Flails | 2 3 |  3.0

Action                   |  1- 3 |  4- 6 |  7- 9 || total
-------------------------+-------+-------+-------++-------
Melee: Long sword        |    88 |   137 |     1 ||   226
       Whip              |       |       |   386 ||   386
  Use: Potion            |     1 |     2 |     3 ||     6
       Scroll            |       |       |     1 ||     1
Armor: Plate armour      |    91 |   116 |   227 ||   434
Dodge: Dodged            |    35 |    53 |    98 ||   186
Block: Buckler           |    19 |    26 |    97 ||   142

Table legend: (Time is in decaauts)
 A = Elapsed time spent in this place.
 B = Non-inter-level travel time spent in this place.
 C = Inter-level travel time spent in this place.
 D = Time resting spent in this place.
 E = Time spent auto-exploring this place.
 F = Levels seen in this place.
 G = Mean time per level.
                   A        B        C        D        E       F      G
               +--------+--------+--------+--------+--------+-----+--------+
         Total |   6841 |   6682 |    159 |    213 |   5138 |   7 |  977.3 |
       Dungeon |   6543 |   6414 |    129 |    213 |   4886 |   6 | 1090.5 |
        Temple |    297 |    267 |     30 |      0 |    252 |   1 |  297.0 |
               +--------+--------+--------+--------+--------+-----+--------+

Top non-repeatable levels by time:
     D:5: 1499 daAuts
     D:3: 1484 daAuts
     D:4: 986 daAuts
     D:6: 881 daAuts
     D:1: 877 daAuts
     D:2: 815 daAuts
  Temple: 297 daAuts
